 Dungeon Crawl Stone Soup version 0.25.1-2-g60ff931df9 (webtiles) character file.

Game seed: 18077816966229203091

225 Allula97 the Skirmisher (level 5, -7/42 HPs)
             Began as a Demonspawn Fighter on Nov 15, 2020.
             Mangled by an ogre
             ... wielding a +0 giant club
              (21 damage)
             ... on level 4 of the Dungeon.
             The game lasted 00:11:16 (2521 turns).

Allula97 the Skirmisher (Demonspawn Fighter)        Turns: 2521, Time: 00:11:16

Health: -7/42      AC: 11    Str: 16    XL:     5   Next: 68%
Magic:  5/5        EV:  5    Int: 10    God:
Gold:   137        SH:  9    Dex: 13    Spells: 4/4 levels left

rFire    . . .     SeeInvis .   a - +0 long sword
rCold    . . .     Gourm    .   c - +0 kite shield
rNeg     + . .     Faith    .   e - +0 chain mail
rPois    .         Spirit   .   (no helmet)
rElec    .         Reflect  .   (no cloak)
rCorr    .         Harm     .   (no gloves)
MR       .....                  (no boots)
Stlth    ..........             (no amulet)
HPRegen  0.14/turn              g - ring of positive energy
MPRegen  0.09/turn              (no ring)

@: mighty
A: hooves 1, icy blue scales 1, rot immunity
a: no special abilities


You were on level 4 of the Dungeon.
You were not hungry.

You visited 1 branch of the dungeon, and saw 4 of its levels.

You collected 137 gold pieces.

Inventory:

Hand Weapons
 a - a +0 long sword (weapon)
 l - a +1 dagger of venom
Missiles
 h - 28 poisoned darts
 j - 7 silver boomerangs (quivered)
Armour
 b - a +0 scale mail
 c - a +0 kite shield (worn)
 e - a +0 chain mail (worn)
Jewellery
 g - a ring of positive energy (left hand)
Wands
 r - a wand of random effects (11)
 t - a wand of polymorph (8)
Scrolls
 k - a scroll of amnesia {unknown}
 m - a scroll of identify {unknown}
 q - a scroll of fear {unknown}
 s - 2 scrolls of magic mapping {unknown}
Potions
 i - a potion of degeneration {unknown}
 n - a potion of mutation {unknown}
 u - a potion of heal wounds {unknown}
Comestibles
 f - 6 rations
 o - 3 chunks of flesh


   Skills:
 * Level 4.0 Fighting
 * Level 2.7 Long Blades
 * Level 3.5 Armour
 + Level 1.3 Dodging
 + Level 1.4 Stealth
 * Level 3.5 Shields


You had 4 spell levels left.
You didn't know any spells.
Your spell library contained the following spells:

 Spells                   Type           Power        Failure   Level  Hunger
 Magic Dart               Conj           #...         100%        1    ##.....
 Searing Ray              Conj           #.....       100%        2    ###....
 Dazzling Flash           Conj/Hex       #.....       100%        3    ####...
 Fulminant Prism          Conj/Hex       #.........   100%        4    #####..
 Iskenderun's Mystic Bla  Conj/Tloc      #.......     100%        4    #####..


Dungeon Overview and Level Annotations

Branches:
Dungeon (4/15)
 Temple: D:4-7

Altars:
Xom


Innate Abilities, Weirdness & Mutations

You have large cloven feet.
You are partially covered in icy blue scales. (AC +2)
You are immune to rotting.


Message History

You throw a silver boomerang.
The silver boomerang barely misses the ogre.
Throwing (i - inventory. (/) - cycle)
j - 7 silver boomerangs (quivered)
Press: ? - help, Shift-Dir - straight line, f/p - ogre
Aim: an ogre, wielding a +0 giant club You throw a silver boomerang.
The silver boomerang hits the ogre.
The ogre is moderately wounded.
You block the ogre's attack.
You hit the ogre.
The ogre is heavily wounded.
The ogre hits you with a +0 giant club!
You hit the ogre. You kick the ogre, but do no damage.
The ogre is heavily wounded.
The ogre hits you with a +0 giant club!!
* * * LOW HITPOINT WARNING * * *
You feel very mighty all of a sudden.
It was a potion of curing.
You feel better.
The ogre hits you with a +0 giant club!!
Ouch! That really hurt!
You die...

#############
##.....#.....##
##.............##
#.........@.....#
#........O......#
#........รท......#
#....<..........#
.........<...........#
#..###..............##
# #........#.....##
.......##########
.........


You could see an ogre.

Vanquished Creatures
  An orc wizard (D:3)
  A bullfrog skeleton (D:4)
  A worker ant (D:4)
  5 adders
  2 oozes
  3 worms (D:2)
  A dart slug (D:1)
  2 leopard geckos
  3 orcs (D:3)
  9 bats
  A giant cockroach (D:2)
  10 hobgoblins
  7 jackals (D:1)
  3 quokkas
  10 frilled lizards
  6 goblins
  8 kobolds
  A leopard gecko skeleton (D:4)
  10 rats
84 creatures vanquished.

Notes
Turn   | Place    | Note
-------+----------+-------------------------------------------
     0 | D:1      | Allula97 the Demonspawn Fighter began the quest for the
                  | Orb.
     0 | D:1      | Reached XP level 1. HP: 18/18 MP: 1/1
    82 | D:1      | Gained mutation: You have large cloven feet. [demonic
                  | ancestry]
    82 | D:1      | Reached XP level 2. HP: 16/24 MP: 2/2
   432 | D:1      | Reached XP level 3. HP: 29/29 MP: 3/3
   946 | D:2      | Gained mutation: You are immune to rotting. [demonic
                  | ancestry]
   946 | D:2      | Reached XP level 4. HP: 22/35 MP: 4/4
  1150 | D:2      | Found a stormy altar of Qazlal.
  1152 | D:2      | Found a hide-covered altar of Uskayaw.
  1152 | D:2      | Found an ancient bone altar of Kikubaaqudgha.
  1158 | D:2      | Found a shimmering altar of Xom.
  1158 | D:2      | Found a sacrificial altar of Ru.
  1158 | D:2      | Found a sacrificial altar of Ru.
  1205 | D:2      | Reached skill level 1 in Dodging
  1574 | D:3      | Reached skill level 1 in Stealth
  2202 | D:3      | Gained mutation: You are partially covered in icy blue
                  | scales. (AC +2) [demonic ancestry]
  2202 | D:3      | Reached XP level 5. HP: 41/42 MP: 5/5
  2446 | D:4      | Reached skill level 4 in Fighting
  2513 | D:4      | Noticed an ogre
  2521 | D:4      | Mangled by an ogre

Illustrated notes

Levels and vault maps discovered:
D:1:      minmay_arrival_glassed_features, layout_basic
D:2:      minmay_skewed_foursquare, layout_rooms, grunt_ministairs_6,
          doesnt_xom_only_xom
D:3:      layout_basic, first_ration, serial_aquarium, aquarium_bridge_square
          [aquarium_subvault_balcony, aquarium_subvault_balcony,
          aquarium_subvault_wall, aquarium_subvault_bridge], aquarium_window_2,
          aquarium_window_2, aquarium_view_2g, aquarium_view_2e
D:4:      layout_rooms, kennysheep_mini_moat, uniq_natasha

Skill      XL: |  1  2  3  4  5 |
---------------+----------------+-----
Long Blades    | 2 |  2.7
Armour         | 3 |  3.5
Shields        | 3 |  3.5
Dodging        | 1 |  1.3
Stealth        | 1 |  1.4
Fighting       | 4 |  4.0

Action                   |  1- 3 |  4- 6 || total
-------------------------+-------+-------++-------
Melee: Long sword        |   132 |   142 ||   274
       Kick              |    17 |    34 ||    51
Throw: Boomerang         |       |     9 ||     9
  Use: Potion            |       |     2 ||     2
  Eat: Chunk             |       |     6 ||     6
Armor: Scale mail        |    12 |       ||    12
       Chain mail        |    83 |    70 ||   153
Dodge: Dodged            |    28 |    32 ||    60
Block: Kite shield       |    76 |    69 ||   145
       Rpst.: Long sword |    10 |     7 ||    17
